 Dungeon Crawl Stone Soup version 0.21.1-1-g345015f (webtiles) character file.

1924 empire the Ducker (level 9, -14/103 HPs)
             Began as a Gnoll Gladiator on Apr 10, 2018.
             Was a Believer of Cheibriados.
             Killed by divine providence
             ... invoked by an orc priest
              (15 damage)
             ... on level 6 of the Dungeon.
             The game lasted 00:10:55 (4773 turns).

empire the Ducker (Gnoll Gladiator)                 Turns: 4773, Time: 00:10:56

Health: -14/103    AC: 24    Str: 21    XL:     9   Next: 17%
Magic:  23/23      EV:  2    Int: 15    God:    Cheibriados [**....]
Gold:   255        SH:  0    Dex: 23    Spells: 15/15 levels left

rFire    . . .     SeeInvis .   a - +1 battleaxe
rCold    . . .     Gourm    .   (shield currently unavailable)
rNeg     + + +     Faith    .   (armour currently unavailable)
rPois    +         Spirit   .   (helmet currently unavailable)
rElec    .         Reflect  .   (cloak currently unavailable)
rCorr    .         Harm     .   (gloves currently unavailable)
MR       .....     NoTele   +   (boots currently unavailable)
Stlth    +++.......             (no amulet)
HPRegen  0.27/turn              x - ring of magical power
MPRegen  0.18/turn              (no ring)

@: tree-form, drained, very slow
A: distributed training, strong nose
a: Bend Time, Renounce Religion


You were on level 6 of the Dungeon.
You worshipped Cheibriados.
Cheibriados was pleased with you.
You were not hungry.
You were a tree.
You visited 2 branches of the dungeon, and saw 7 of its levels.

You collected 255 gold pieces.

Inventory:

Hand Weapons
 a - a +1 battleaxe (weapon)
 b - a +0 blowgun
 v - a +0 war axe
Missiles
 d - 3 throwing nets (quivered)
 u - 38 poisoned needles
 A - 8 silver tomahawks
Armour
 c - a +0 helmet (melded)
 j - a +0 ring mail (melded)
 E - a +1 pair of gloves (melded)
Jewellery
 x - a ring of magical power (left branch)
Wands
 y - a wand of paralysis (11)
Scrolls
 h - a scroll of fear
 k - a scroll of amnesia
 l - a scroll of magic mapping {unknown}
 m - 3 scrolls of remove curse
 t - 2 scrolls of enchant weapon
 D - a scroll of fog
Potions
 e - a potion of brilliance {unknown}
 g - 2 potions of magic {unknown}
 i - a potion of haste {unknown}
 o - 3 potions of mutation {unknown}
 p - a potion of invisibility
 q - 3 potions of curing
 z - a potion of might
 C - a potion of flight
Books
 n - a book of Geomancy

   Spells                             Type                      Level
   a - Sandblast                      Earth                        1
   b - Passwall                       Transmutation/Earth          2
   c - Stone Arrow                    Conjuration/Earth            3
   d - Petrify                        Transmutation/Earth          4
   e - Lee's Rapid Deconstruction     Earth                        5
 r - a book of Minor Magic

   Spells                             Type                      Level
   a - Magic Dart                     Conjuration                  1
   b - Blink                          Translocation                2
   c - Call Imp                       Summoning                    2
   d - Slow                           Hexes                        2
   e - Conjure Flame                  Conjuration/Fire             3
   f - Mephitic Cloud                 Conjuration/Poison/Air       3
Comestibles
 f - 10 rations


   Skills:
 + Level 6.1(5.3) Fighting
 + Level 3.9(3.2) Short Blades
 + Level 3.9(3.2) Long Blades
 + Level 7.7(6.9) Axes
 + Level 3.9(3.2) Maces & Flails
 + Level 3.9(3.2) Polearms
 + Level 3.9(3.2) Staves
 + Level 3.9(3.2) Slings
 + Level 3.9(3.2) Bows
 + Level 3.9(3.2) Crossbows
 + Level 6.1(5.3) Throwing
 + Level 3.9(3.2) Armour
 + Level 7.7(6.9) Dodging
 + Level 3.9(3.2) Stealth
 + Level 3.9(3.2) Shields
 + Level 3.9(3.2) Unarmed Combat
 + Level 3.9(3.2) Spellcasting
 + Level 3.2(2.5) Conjurations
 + Level 3.2(2.5) Hexes
 + Level 3.2(2.5) Charms
 + Level 3.2(2.5) Summonings
 + Level 3.2(2.5) Necromancy
 + Level 3.2(2.5) Translocations
 + Level 3.2(2.5) Transmutations
 + Level 3.2(2.5) Fire Magic
 + Level 3.2(2.5) Ice Magic
 + Level 3.2(2.5) Air Magic
 + Level 3.2(2.5) Earth Magic
 + Level 3.2(2.5) Poison Magic
 + Level 4.3(3.6) Invocations
 + Level 3.9(3.2) Evocations


You had 15 spell levels left.
You didn't know any spells.

Dungeon Overview and Level Annotations

Branches:
Dungeon (6/15)             Temple (1/1) D:5

Altars:
Ashenzari
Cheibriados
Dithmenos
Elyvilon
Gozag
Hepliaklqana
Kikubaaqudgha
Makhleb
Nemelex Xobeh
Okawaru
Qazlal
Sif Muna
Trog
Uskayaw
Vehumet
Wu Jian
Xom
Yredelemnul
Zin
The Shining One


Innate Abilities, Weirdness & Mutations

Your experience applies equally to all skills.
((You have very sharp teeth.))
Your uncanny sense of smell can sniff out nearby items.


Message History

You feel better.
You closely miss the orc priest.
The orc priest is moderately wounded.
The orc priest hits you but does no damage.
The orc priest looks satisfied for a moment.
You hit the orc priest but do no damage.
The orc priest is moderately wounded.
The orc priest completely misses you.
You closely miss the orc priest.
The orc priest is moderately wounded.
The orc priest hits you with a falchion of draining.
* * * LOW HITPOINT WARNING * * *
You barely miss the orc priest.
The orc priest is moderately wounded.
The orc priest invokes the aid of Beogh against you.
Beogh smites you!
* * * LOW HITPOINT WARNING * * *
The orc priest calls down the wrath of Beogh upon you.
Beogh smites you!
You die...

≈≈≈≈≈≈P.# .# #.###.
≈.≈≈≈≈≈.## ≈
##.###. ≈#≈≈≈#≈≈.##
≈########...##.
###.###≈≈≈#
#≈##............
.#...#...≈# #####.#
##.####...##.
..........###....#
##.##
).........#.)....#
#.# .
..........'.'....#
### #.
..........###...♣##
.. .#...#....#
#####o## ##
###.###.≈## ##;# #
≈#≈≈≈#.≈≈# #≈g## #
≈.≈≈≈≈≈≈## #≈≈≈#∆
≈≈≈.≈#.## #≈≈≈#
≈≈.#..# #≈≈≈# .P##
≈≈≈≈≈# ..# ≈g≈≈≈≈#


You could see an electric eel, an orc priest and a gnoll.

Vanquished Creatures
  The ghost of VDreamerV the Changer, a novice OpTm of Cheibriados (D:6)
  An ogre (D:4)
  2 centaurs
  2 bullfrogs (D:6)
  A scorpion (D:4)
  A howler monkey (D:6)
  2 crimson imps (D:5)
  A bullfrog skeleton (D:5)
  4 orc priests
  A centaur skeleton (D:6)
  4 hounds
  4 orc wizards
  Jessica (D:2)
  2 iguanas
  Natasha (thrice) (D:3)
  5 worker ants
  8 adders
  6 gnolls
  2 shadow imps
  2 oozes (D:4)
  A worm (D:4)
  A dart slug (D:1)
  8 leopard geckos
  22 orcs
  3 bats
  A giant cockroach (D:1)
  12 goblins
  9 hobgoblins
  3 quokkas
  3 ball pythons
  7 frilled lizards
  13 kobolds
  2 leopard gecko skeletons
  A quokka skeleton (D:5)
  3 rats
142 creatures vanquished.

Vanquished Creatures (others)
  2 plants (D:6)
2 creatures vanquished.

Grand Total: 144 creatures vanquished

Notes
Turn   | Place    | Note
-------+----------+-------------------------------------------
     0 | D:1      | empire the Gnoll Gladiator began the quest for the Orb.
     0 | D:1      | Reached XP level 1. HP: 20/20 MP: 1/1
   164 | D:1      | Reached XP level 2. HP: 22/26 MP: 2/2
   362 | D:1      | Reached XP level 3. HP: 25/31 MP: 3/3
   772 | D:2      | Noticed Jessica
   778 | D:2      | Reached skill level 1 in Invocations
   779 | D:2      | Killed Jessica
   779 | D:2      | Reached skill level 1 in Short Blades
   779 | D:2      | Reached skill level 1 in Long Blades
   779 | D:2      | Reached skill level 1 in Maces & Flails
   779 | D:2      | Reached skill level 1 in Polearms
   779 | D:2      | Reached skill level 1 in Staves
   779 | D:2      | Reached skill level 1 in Slings
   779 | D:2      | Reached skill level 1 in Bows
   779 | D:2      | Reached skill level 1 in Crossbows
   779 | D:2      | Reached skill level 1 in Armour
   779 | D:2      | Reached skill level 1 in Stealth
   779 | D:2      | Reached skill level 1 in Shields
   779 | D:2      | Reached skill level 1 in Unarmed Combat
   779 | D:2      | Reached skill level 1 in Spellcasting
   779 | D:2      | Reached skill level 1 in Evocations
   779 | D:2      | Reached XP level 4. HP: 34/38 MP: 3/5
  1094 | D:2      | Reached skill level 1 in Conjurations
  1094 | D:2      | Reached skill level 1 in Hexes
  1094 | D:2      | Reached skill level 1 in Charms
  1094 | D:2      | Reached skill level 1 in Summonings
  1094 | D:2      | Reached skill level 1 in Necromancy
  1094 | D:2      | Reached skill level 1 in Translocations
  1094 | D:2      | Reached skill level 1 in Transmutations
  1094 | D:2      | Reached skill level 1 in Fire Magic
  1094 | D:2      | Reached skill level 1 in Ice Magic
  1094 | D:2      | Reached skill level 1 in Air Magic
  1094 | D:2      | Reached skill level 1 in Earth Magic
  1094 | D:2      | Reached skill level 1 in Poison Magic
  1103 | D:2      | Reached XP level 5. HP: 14/43 MP: 6/6
  1949 | D:3      | Found a faded altar of an unknown god.
  1962 | D:3      | Found an opulent altar of Gozag.
  1972 | D:3      | Noticed Natasha
  1978 | D:3      | Killed Natasha
  2062 | D:3      | Noticed Natasha
  2091 | D:3      | Killed Natasha
  2276 | D:3      | Noticed Natasha
  2280 | D:3      | Killed Natasha
  2280 | D:3      | Reached XP level 6. HP: 50/50 MP: 8/8
  2580 | D:4      | Reached skill level 5 in Fighting
  2580 | D:4      | Reached skill level 5 in Throwing
  2728 | D:4      | Reached XP level 7. HP: 49/56 MP: 10/10
  2821 | D:4      | Found a glowing golden altar of the Shining One.
  3222 | D:5      | Entered Level 5 of the Dungeon
  3394 | D:5      | Found a staircase to the Ecumenical Temple.
  3447 | Temple   | Entered the Ecumenical Temple
  3540 | Temple   | Became a worshipper of Cheibriados the Contemplative
  3629 | D:5      | Reached XP level 8. HP: 51/63 MP: 12/12
  3680 | D:5      | Found a white marble altar of Elyvilon.
  3849 | D:5      | Found a hide-covered altar of Uskayaw.
  3850 | D:5      | Found a basalt altar of Yredelemnul.
  4215 | D:6      | Noticed VDreamerV's ghost (novice OpTm)
  4246 | D:6      | Killed VDreamerV's ghost
  4478 | D:6      | Reached * piety under Cheibriados
  4550 | D:6      | Reached XP level 9. HP: 69/69 MP: 14/14
  4759 | D:6      | Reached ** piety under Cheibriados
  4773 | D:6      | HP: 1/103 [orc priest/divine providence (15)]
  4773 | D:6      | Killed from afar by an orc priest

Skill      XL: |  1  2  3  4  5  6  7  8  9 |
---------------+----------------------------+-----
Invocations    | 1 2 3 4 |  4.3
Short Blades   | 1 2 3 |  3.9
Long Blades    | 1 2 3 |  3.9
Maces & Flails | 1 2 3 |  3.9
Polearms       | 1 2 3 |  3.9
Staves         | 1 2 3 |  3.9
Slings         | 1 2 3 |  3.9
Bows           | 1 2 3 |  3.9
Crossbows      | 1 2 3 |  3.9
Armour         | 1 2 3 |  3.9
Stealth        | 1 2 3 |  3.9
Shields        | 1 2 3 |  3.9
Unarmed Combat | 1 2 3 |  3.9
Spellcasting   | 1 2 3 |  3.9
Evocations     | 1 2 3 |  3.9
Conjurations   | 1 2 3 |  3.2
Hexes          | 1 2 3 |  3.2
Charms         | 1 2 3 |  3.2
Summonings     | 1 2 3 |  3.2
Necromancy     | 1 2 3 |  3.2
Translocations | 1 2 3 |  3.2
Transmutations | 1 2 3 |  3.2
Fire Magic     | 1 2 3 |  3.2
Ice Magic      | 1 2 3 |  3.2
Air Magic      | 1 2 3 |  3.2
Earth Magic    | 1 2 3 |  3.2
Poison Magic   | 1 2 3 |  3.2
Fighting       | 5 6 |  6.1
Throwing       | 5 6 |  6.1
Axes           | 7 |  7.7
Dodging        | 7 |  7.7

Action                   |  1- 3 |  4- 6 |  7- 9 || total
-------------------------+-------+-------+-------++-------
Melee: War axe           |    63 |    98 |       ||   161
       Bite              |     9 |    11 |    22 ||    42
       Battleaxe         |       |    23 |   176 ||   199
       Punch             |       |     1 |       ||     1
 Fire: Blowgun           |       |     3 |     2 ||     5
  Use: Potion            |     1 |       |     4 ||     5
       Scroll            |       |       |    15 ||    15
 Stab: Sleeping          |       |     1 |     1 ||     2
  Eat: Chunk             |       |     6 |     7 ||    13
Armor: Leather armour    |     4 |       |       ||     4
       Ring mail         |    12 |    26 |    49 ||    87
       Skin              |     5 |     3 |     8 ||    16
Dodge: Dodged            |    59 |   126 |   162 ||   347
